 Dungeon Crawl Stone Soup version 0.26-a0-1101-g8f9f7f7418 (webtiles) character file.

Game seed: 9987425922612886902

107989 Delamore the Peltast (level 16, -7/108 HPs)
             Began as a Gargoyle Fighter on Dec 15, 2020.
             Was the Champion of Okawaru.
             Killed from afar by Azrael (33 damage)
             ... with damnation
             ... on level 15 of the Dungeon.
             The game lasted 00:26:53 (27770 turns).

Delamore the Peltast (Gargoyle Fighter)            Turns: 27770, Time: 00:26:53

Health: -7/108     AC: 35    Str: 30    XL:     16   Next: 48%
Magic:  14/19      EV:  7    Int: 13    God:    Okawaru [******]
Gold:   3071       SH: 16    Dex:  9    Spells: 15/15 levels left

rFire    . . .     SeeInvis .   F - +10 morningstar "Eos" {elec, Halo rElec}
rCold    + . .     Faith    .   c - +0 kite shield
rNeg     + . .     Spirit   .   A - +2 plate armour {rC+}
rPois    ∞         Reflect  .   G - +0 hat {Int+3}
rElec    +         Harm     .   C - +0 cloak
rCorr    .         Rampage  .   E - +2 pair of gloves {archery}
Will     +....                  a - +1 pair of boots {Fly}
Stlth    ..........             L - amulet of the acrobat
HPRegen  0.28/turn              D - +4 ring of slaying
MPRegen  0.16/turn              m - ring of Fun {rPois AC+4 Str+4}

@: finesse, flying, glowing
A: big wings, negative energy resistance 1, electricity resistance, unbreathing,
petrification resistance, miasma immunity, AC +12
a: Stop Flying, Heroism, Finesse, Renounce Religion


You were on level 15 of the Dungeon.
You worshipped Okawaru.
Okawaru was exalted by your worship.
You visited 4 branches of the dungeon, and saw 24 of its levels.
You also visited: Ossuary and Ice Cave.

You collected 3181 gold pieces.
You spent 110 gold pieces at shops.

Inventory:

Hand Weapons
 F - the +10 morningstar "Eos" (weapon) {elec, Halo rElec}
   (Okawaru gifted it to you on level 1 of the Orcish Mines)

   Occasionally, upon striking a foe, it can discharge electrical energy and
   cause terrible harm.
   It insulates you from electricity.
Missiles
 S - 25 javelins (quivered)
Armour
 a - a +1 pair of boots of flying (worn)
 c - a +0 kite shield (worn)
 A - a +2 plate armour of cold resistance (worn)
 C - a +0 cloak (worn)
 E - a +2 pair of gloves of archery (worn)
 G - a +0 hat of intelligence (worn)
Jewellery
 k - an uncursed ring of protection from fire
 m - the ring of Fun (right hand) {rPois AC+4 Str+4}
   (You found it on level 12 of the Dungeon)

   [ring of protection]

   It affects your AC (+4).
   It affects your strength (+4).
   It protects you from poison.
 r - an uncursed ring of see invisible
 D - a +4 ring of slaying (left hand)
 L - an amulet of the acrobat (around neck)
 O - an uncursed ring of resist corrosion
 Q - an uncursed ring of willpower
Wands
 b - a wand of disintegration (19)
 s - a wand of flame (35)
 w - a wand of enslavement (8)
 H - a wand of paralysis (13)
 U - a wand of acid (8)
Scrolls
 e - 9 scrolls of remove curse
 f - 9 scrolls of teleportation
 g - 4 scrolls of enchant armour
 h - 2 scrolls of magic mapping
 i - 5 scrolls of amnesia
 j - 6 scrolls of immolation
 n - 4 scrolls of enchant weapon
 o - 2 scrolls of blinking
 p - a scroll of fog
 t - a scroll of brand weapon
 y - 6 scrolls of fear
 I - a scroll of summoning
Potions
 d - 3 potions of might
 l - a potion of brilliance
 q - 4 potions of curing
 u - 4 potions of invisibility
 z - 3 potions of ambrosia
 B - a potion of haste
 J - 3 potions of cancellation
 K - a potion of lignification
 M - a potion of heal wounds
 N - 3 potions of mutation
Miscellaneous
 x - a condenser vane


   Skills:
 - Level 15.0 Fighting
 - Level 16.0 Maces & Flails
 + Level 6.4 Throwing
 - Level 3.2 Armour
 + Level 20.1 Shields
 - Level 5.0 Invocations


You had 15 spell levels left.
You didn't know any spells.
Your spell library contained the following spells:

 Spells                   Type           Power        Failure   Level
 Animate Skeleton         Necr           #.....       97%         1
 Apportation              Tloc           #.....       97%         1
 Beastly Appendage        Tmut           #.....       97%         1
 Corona                   Hex            #......      97%         1
 Sandblast                Erth           #.....       97%         1
 Summon Small Mammal      Summ           #...         97%         1
 Passwall                 Tmut/Erth      #.......     99%         2
 Wereblood                Tmut           #.......     99%         2
 Spider Form              Tmut/Pois      #.........   100%        3
 Stone Arrow              Conj/Erth      #.....       100%        3
 Cause Fear               Hex            #.........   100%        4
 Ice Form                 Ice/Tmut       #.......     100%        4
 Petrify                  Tmut/Erth      #.......     100%        4
 Blade Hands              Tmut           #.........   100%        5
 Lee's Rapid Deconstruct  Erth           #.........   100%        5
 Silence                  Hex/Air        #.........   100%        5
 Yara's Violent Unravell  Hex/Tmut       #.........   100%        5
 Chain Lightning          Conj/Air       #.........   100%        8
 Discord                  Hex            #.........   100%        8
 Lehudib's Crystal Spear  Conj/Erth      #.........   100%        8
 Absolute Zero            Ice            #.........   100%        9
 Fire Storm               Conj/Fire      #.........   100%        9


Dungeon Overview and Level Annotations

Branches:
Dungeon (15/15)            Temple (1/1) D:6            Lair (6/6) D:9
  Swamp (0/4) Lair:3       Spider (0/4) Lair:4        Slime (0/5) Lair:6
    Orc (2/2) D:11            Elf (0/3) Orc:2        Vaults (0/5) D:13
Ossuary (visited)           IceCv (visited)
 Depths: D:15

Altars:
Cheibriados
Gozag
Hepliaklqana
Makhleb
Nemelex Xobeh
Okawaru
Qazlal
Ru
Sif Muna
Uskayaw
Xom
Yredelemnul
Zin
The Shining One
Beogh
Jiyva

Shops:
D:6 ?   Orc:2 (([!

Annotations:
D:15 Azrael


Innate Abilities, Weirdness & Mutations

You are resistant to torment.
Your stone body is resilient. (AC +12)
You are immune to poison.
Your large and strong wings let you fly indefinitely.
You resist negative energy. (rN+)
You are resistant to electric shocks. (rElec)
You can survive without breathing.
You are immune to petrification.
You are immune to miasma.


Message History

The centaur warrior skeleton hits you but does no damage.
You hit the centaur warrior skeleton.
You destroy the centaur warrior skeleton!
Okawaru accepts your kill. You block the bullfrog's attack.
You impale the bullfrog!! Lightning courses through the bullfrog!
You kill the bullfrog!
Okawaru accepts your kill. The fire elemental hits you.
The fire elemental burns you!
* * * LOW HITPOINT WARNING * * *
You impale the fire elemental!!
You destroy the fire elemental!
Okawaru accepts your kill.
Okay, then.
You start resting.
Azrael is nearby!
You can now deal lightning-fast blows.
Azrael gestures at you.
The sphere of damnation explodes!
The damnation engulfs you!!
You die...

#..≈§§. .§≈≈..
#..≈§≈§§§§≈§.. .
#..≈#§§§≈§#≈..
..#..≈≈≈≈#§§§≈.. ○
.............. .°
............F# .○.
#...#.# #.# .R○☼
#....@# #.######E○○..
......[ #..R###
#....))...... .......
#..○# #...E○)......
....... #..°#
#.○#####..... .......
##...#####○.# ...
....... #....☼○.E○F.#
. .......
#...........#
.......###.#...(.....#
...............###...#


You could see Azrael.

Vanquished Creatures
  Rupert (Lair:4)
  Frances (D:13)
  Roxanne (D:14)
  An orc warlord (Orc:1)
  2 stone giants (Orc:1)
  Nessos (Orc:1)
  A dire elephant (Lair:6)
  Snorg (D:11)
  7 hydras
  Fannar (Lair:2)
  2 ice dragons (IceCv)
  8 vault guards (D:13)
  A death knight (D:13)
  The ghost of thewurscht the Fighter, a novice DrFi of Okawaru (D:10)
  2 catoblepae
  16 two-headed ogres
  A centaur warrior (D:14)
  7 death yaks
  A tengu warrior (D:12)
  4 ogre magi (Orc:2)
  An orc high priest (Orc:1)
  Nergalle (D:11)
  4 skeletal warriors (D:14)
  An unseen horror (D:10)
  5 orc knights
  A lindwurm (Lair:6)
  4 orc sorcerers
  5 ugly things
  A wolf spider (Lair:4)
  3 cyclopes
  3 manticores
  5 black mambas
  2 centaur zombies
  2 ice statues (IceCv)
  5 elephants
  2 gargoyles
  9 cane toads
  2 kobold demonologists
  A komodo dragon (shapeshifter) (D:14)
  7 rime drakes
  13 komodo dragons
  3 trolls
  3 jumping spiders (Lair:4)
  2 hornets
  3 tyrant leeches (Lair:3)
  14 slime creatures
  13 dream sheep
  24 blink frogs
  A spriggan (D:10)
  4 wyverns
  64 yaks
  2 shadows (D:12)
  5 wraiths
  A basilisk (shapeshifter) (D:14)
  3 fire elementals
  2 basilisks
  2 steam dragons
  2 acid dragons
  A swamp worm (Lair:3)
  2 wargs
  8 water moccasins
  15 ice beasts
  2 black bears
  25 orc warriors
  A sky beast (D:11)
  2 necrophages
  13 wolves
  26 ogres
  15 centaurs
  2 elf zombies (Ossuary)
  16 bullfrogs
  A hornet simulacrum (D:12)
  4 scorpions
  16 wights
  A howler monkey (D:6)
  A bullfrog zombie (D:11)
  5 bullfrog skeletons
  7 hounds
  A human zombie (Ossuary)
  Crazy Yiuf (D:5)
  4 jellies
  16 orc priests
  4 centaur skeletons
  3 iguanas
  25 orc wizards
  8 worker ants
  2 big kobold zombies (Ossuary)
  A hound skeleton (D:6)
  2 mummies (Ossuary)
  A howler monkey zombie (D:5)
  7 adders
  A shadow imp (D:7)
  4 white imps
  3 ufetubi
  An ooze (D:3)
  An adder zombie (D:4)
  3 worms
  A dart slug (D:1)
  5 leopard geckos
  82 orcs
  2 ball pythons
  6 bats
  4 giant cockroaches
  3 gnoll zombies (Ossuary)
  10 goblins
  9 hobgoblins
  7 jackals
  10 kobolds
  8 quokkas
  5 frilled lizards
  3 goblin zombies (Ossuary)
  A hobgoblin zombie (Ossuary)
  A jackal skeleton (D:6)
  A leopard gecko skeleton (D:7)
  2 orc zombies (Ossuary)
  11 rats
707 creatures vanquished.

Vanquished Creatures (others)
  An ugly thing (D:15)
  3 orcs
  10 fungi
  9 plants
23 creatures vanquished.

Grand Total: 730 creatures vanquished

Notes
Turn   | Place    | Note
-------+----------+-------------------------------------------
     0 | D:1      | Delamore the Gargoyle Fighter began the quest for the Orb.
     0 | D:1      | Reached XP level 1. HP: 14/14 MP: 1/1
   157 | D:1      | Reached XP level 2. HP: 19/19 MP: 2/2
   713 | D:1      | Reached XP level 3. HP: 24/24 MP: 3/3
  1210 | D:2      | Found a shimmering altar of Xom.
  1223 | D:2      | Reached skill level 4 in Shields
  1245 | D:2      | Reached XP level 4. HP: 29/29 MP: 4/4
  2068 | D:3      | Reached XP level 5. HP: 26/34 MP: 5/5
  2760 | D:4      | Reached XP level 6. HP: 40/40 MP: 6/6
  3070 | D:4      | Reached skill level 5 in Shields
  3478 | D:5      | Entered Level 5 of the Dungeon
  3513 | D:5      | Reached skill level 5 in Fighting
  3541 | D:5      | Found a runed translucent door.
  3542 | D:5      | Noticed Crazy Yiuf
  4017 | D:5      | Reached skill level 5 in Maces & Flails
  4160 | D:5      | Reached XP level 7. HP: 42/44 MP: 7/7
  4679 | D:5      | Killed Crazy Yiuf
  4808 | D:6      | Found a sand-covered staircase.
  4813 | Ossuary  | Entered an ossuary
  5577 | D:6      | Reached XP level 8. HP: 43/49 MP: 8/8
  5753 | D:6      | Found a staircase to the Ecumenical Temple.
  5766 | Temple   | Entered the Ecumenical Temple
  5790 | Temple   | Became a worshipper of Warmaster Okawaru
  6261 | D:6      | Found Cyaniuf's Magic Scroll Shop.
  6480 | D:6      | Bought a scroll of identify for 22 gold pieces
  6480 | D:6      | Bought a scroll of identify for 22 gold pieces
  6480 | D:6      | Bought a scroll of identify for 22 gold pieces
  6480 | D:6      | Bought a scroll of identify for 22 gold pieces
  6480 | D:6      | Bought a scroll of identify for 22 gold pieces
  6537 | D:6      | You fall into a shaft and drop 3 floors!
  6538 | D:9      | Noticed a yak
  6558 | D:9      | Killed a yak
  6558 | D:9      | Reached * piety under Okawaru
  6606 | D:9      | Reached skill level 10 in Maces & Flails
  6644 | D:9      | Reached XP level 9. HP: 54/54 MP: 9/9
  7405 | D:7      | Found an iron altar of Okawaru.
  8162 | D:8      | Reached ** piety under Okawaru
  8851 | D:9      | Found a basalt altar of Yredelemnul.
  8851 | D:9      | Found an opulent altar of Gozag.
  8851 | D:9      | Found a shimmering blue altar of Sif Muna.
  8851 | D:9      | Found a snail-covered altar of Cheibriados.
  8851 | D:9      | Found a shimmering altar of Xom.
  9054 | D:9      | Found a hazy altar of Hepliaklqana.
  9182 | D:9      | Found a staircase to the Lair.
  9187 | D:9      | Reached XP level 10. HP: 59/59 MP: 10/10
  9457 | Lair:1   | Entered Level 1 of the Lair of Beasts
  9596 | Lair:1   | Reached *** piety under Okawaru
  9851 | Lair:1   | Noticed a five-headed hydra
  9859 | Lair:1   | Killed a five-headed hydra
 10016 | Lair:1   | Reached **** piety under Okawaru
 10029 | Lair:1   | Noticed a cane toad
 10034 | Lair:1   | Killed a cane toad
 10137 | Lair:1   | Reached XP level 11. HP: 51/63 MP: 11/11
 10313 | Lair:1   | Reached skill level 15 in Maces & Flails
 11307 | Lair:2   | Reached ***** piety under Okawaru
 11699 | Lair:2   | Reached skill level 1 in Invocations
 11836 | Lair:2   | Noticed Fannar
 12182 | Lair:2   | Reached skill level 6 in Shields
 12232 | Lair:2   | Noticed a six-headed hydra
 12243 | Lair:2   | Killed a six-headed hydra
 12243 | Lair:2   | Received a gift from Okawaru
 12246 | Lair:2   | Got a scorched dire flail {god gift}
 12387 | Lair:2   | Reached XP level 12. HP: 71/71 MP: 13/15
 12402 | Lair:2   | Reached skill level 7 in Shields
 12625 | Lair:2   | Killed Fannar
 12626 | Lair:2   | Reached skill level 5 in Invocations
 13376 | Lair:3   | Reached skill level 8 in Shields
 13548 | Lair:3   | Noticed an eight-headed hydra
 13556 | Lair:3   | Killed an eight-headed hydra
 13556 | Lair:3   | Reached ****** piety under Okawaru
 13652 | Lair:3   | Reached skill level 9 in Shields
 13844 | Lair:3   | Received a gift from Okawaru
 13885 | Lair:3   | Found a staircase to the Swamp.
 14382 | Lair:3   | Reached skill level 10 in Shields
 14392 | Lair:3   | Reached skill level 10 in Fighting
 14851 | Lair:4   | Identified a scroll of acquirement
 14852 | Lair:4   | Acquired a manual of Shields
 14894 | Lair:4   | Reached XP level 13. HP: 68/82 MP: 16/16
 15179 | Lair:4   | Reached skill level 11 in Shields
 15190 | Lair:4   | Received a gift from Okawaru
 15423 | Lair:4   | Noticed Rupert
 15456 | Lair:4   | Killed Rupert
 15457 | Lair:4   | Reached skill level 12 in Shields
 15976 | Lair:4   | Found a hole to the Spider Nest.
 16317 | Lair:5   | Reached skill level 13 in Shields
 16355 | Lair:5   | Received a gift from Okawaru
 16844 | Lair:5   | Found a shimmering blue altar of Sif Muna.
 16953 | Lair:5   | Reached skill level 14 in Shields
 17519 | Lair:6   | Entered Level 6 of the Lair of Beasts
 17594 | Lair:6   | Received a gift from Okawaru
 17629 | Lair:6   | Gained mutation: Your large and strong wings let you fly
                  | indefinitely. [Gargoyle growth]
 17629 | Lair:6   | Reached XP level 14. HP: 69/92 MP: 17/17
 17630 | Lair:6   | Got an encrusted tower shield {god gift}
 17641 | Lair:6   | Identified the +0 tower shield "Vuwnarep" {Stlth+} (Okawaru
                  | gifted it to you on level 6 of the Lair of Beasts)
 17801 | Lair:6   | Reached skill level 15 in Shields
 18205 | Lair:6   | Noticed a dire elephant
 18450 | Lair:6   | Killed a dire elephant
 18540 | Lair:6   | Found a viscous altar of Jiyva.
 18541 | Lair:6   | Found a staircase to the Slime Pits.
 18675 | Lair:6   | Reached skill level 16 in Shields
 19230 | D:10     | Entered Level 10 of the Dungeon
 19453 | D:10     | Found a runed translucent gate.
 19455 | D:10     | Found a runed translucent gate.
 19456 | D:10     | Found a runed translucent gate.
 19457 | D:10     | Noticed thewurscht's ghost (novice DrFi)
 19486 | D:10     | Received a gift from Okawaru
 19520 | D:10     | Killed thewurscht's ghost
 20370 | D:11     | Found a staircase to the Orcish Mines.
 20738 | D:11     | Noticed Snorg
 20745 | D:11     | Killed Snorg
 20879 | D:11     | Noticed Nergalle
 20885 | D:11     | Killed Nergalle
 21459 | Orc:1    | Entered Level 1 of the Orcish Mines
 21459 | Orc:1    | Noticed a stone giant
 21620 | Orc:1    | Killed a stone giant
 21620 | Orc:1    | Received a gift from Okawaru
 21876 | Orc:2    | Entered Level 2 of the Orcish Mines
 21876 | Orc:2    | Noticed Nessos
 21898 | Orc:1    | Killed Nessos
 21899 | Orc:1    | Reached skill level 15 in Fighting
 22026 | Orc:2    | Paralysed by an orc sorcerer for 6 turns
 22504 | Orc:2    | Reached skill level 17 in Shields
 22504 | Orc:2    | Reached XP level 15. HP: 97/103 MP: 18/18
 22525 | Orc:2    | Found a staircase to the Elven Halls.
 22575 | Orc:2    | Found a roughly hewn altar of Beogh.
 23300 | Orc:2    | Received a gift from Okawaru
 23339 | Orc:2    | Got a shimmering mace {god gift}
 23348 | Orc:2    | Reached skill level 18 in Shields
 23610 | Orc:2    | Found Yneacerph's Distillery.
 23610 | Orc:2    | Found Juloposk's Antique Weapon Boutique.
 23624 | Orc:2    | Found Dusis's Antique Weapon Shoppe.
 23624 | Orc:2    | Found Xupoata's Armour Boutique.
 23951 | Orc:1    | Received a gift from Okawaru
 23952 | Orc:1    | Found the +10 morningstar "Eos" {elec, Halo rElec}
 24041 | Orc:1    | Found a roughly hewn altar of Beogh.
 24041 | Orc:1    | Found a transporter.
 24246 | Orc:1    | Found a transporter.
 24259 | Orc:1    | Identified the +3 leather armour of the Albatross {rPois
                  | rF- Regen+ Str-3}
 24261 | Orc:1    | Noticed an orc warlord
 24424 | Orc:1    | Killed an orc warlord
 24733 | D:12     | Reached skill level 19 in Shields
 24815 | D:12     | Got a scorched jade ring
 24822 | D:12     | Identified the ring of Fun {rPois AC+4 Str+4} (You found it
                  | on level 12 of the Dungeon)
 25054 | D:12     | Received a gift from Okawaru
 25367 | D:13     | Reached skill level 1 in Throwing
 25396 | D:13     | Received a gift from Okawaru
 25560 | D:13     | Noticed Frances
 25569 | D:13     | Killed Frances
 25652 | D:13     | Found a gate to the Vaults.
 25663 | D:13     | Received a gift from Okawaru
 25691 | D:13     | Reached XP level 16. HP: 40/108 MP: 19/19
 26330 | D:14     | Received a gift from Okawaru
 26339 | D:14     | Reached skill level 5 in Throwing
 26588 | D:14     | Noticed Roxanne
 26615 | D:14     | Killed Roxanne
 27092 | D:15     | Entered Level 15 of the Dungeon
 27092 | D:15     | Found a frozen archway.
 27098 | IceCv    | Entered an ice cave
 27399 | IceCv    | Reached skill level 20 in Shields
 27735 | D:15     | Received a gift from Okawaru
 27737 | D:15     | Noticed Azrael
 27770 | D:15     | Killed from afar by Azrael

Illustrated notes

Levels and vault maps discovered:
D:1:      nzn_arrival_depleted_hourglass, layout_basic
D:2:      layout_rooms, grunt_decor_cap, moated_statue, xom_teletrap_fun
D:3:      layout_loops_ring
D:4:      layout_basic
D:5:      layout_loops_corners, uniq_crazy_yiuf_cottage
D:6:      layout_gridville, minmay_temple_entry_hall, enter_ossuary_5,
          serial_shops, shop_scrolls, serial_glass, glass_columns_a,
          glass_columns_a, item_on_display_a, item_on_display_a
D:7:      wad_crossroads, layout_loops_ring, minmay_misc_feat_chi,
          okawaru_gym_becter
D:8:      layout_cave_pools, grunt_ministairs_6
D:9:      layout_loops_cross, kennysheep_mini,
          chequers_temple_overflow_minitemple, grunt_lair_entry_orc_guard_hut
D:10:     layout_basic, gammafunk_ghost_hydra_chop, the_bakery
D:11:     layout_loops_ring, david_orc_2, minmay_quadrilaterals, uniq_nergalle,
          uniq_snorg
D:12:     layout_gridville, minmay_radiant
D:13:     layout_big_octagon, erik_vaults_2, solitary_fountain,
          wad_floor_pattern_1, uniq_frances
D:14:     layout_roguey, nicolae_lava_and_water, uniq_roxanne
D:15:     grunt_enter_depths_giant_problem, layout_long_grid,
          serial_bayou_lagoon_a, portal_ice_cave_entry_pillars_1, uniq_azrael
Temple:   eino_temple_rhombus
Lair:1:   layout_gridlike, eino_small_chamber_without_monster,
          beast_lair_carwin_6
Lair:2:   layout_cave_pods, grunt_megastairs_3, uniq_fannar
Lair:3:   layout_roguey, minmay_swamp_entry_worms, grunt_megastairs_1,
          lemuel_fruit_tree
Lair:4:   layout_hall_layers, spider_nest_entry_funnel_web, uniq_rupert
Lair:5:   layout_gridlike, basic_altar, infiniplex_staircase_pool,
          grunt_megastairs_4
Lair:6:   wormcave, layout_concentric_octagons, hangedman_lair_in_review,
          dpeg_slime_entry_enclosed_altar
Orc:1:    gammafunk_beogh_shrine, layout_diamond_mine
Orc:2:    st_orc_ogre_mass, layout_diamond_mine, special_room, basic_altar,
          uniq_nessos

Skill      XL: |  1  2  3  4  5  6  7  8  9 10 11 12 13 14 15 16 |
---------------+-------------------------------------------------+-----
Fighting       | 4 5 6 10 12 15 | 15.0
Shields        | 4 5 6 10 14 17 19 20 | 20.1
Maces & Flails | 3 5 7 10 12 14 16 | 16.0
Invocations    | 4 5 |  5.0
Throwing       | 3 6 |  6.4
Armour         | |  3.2

Action                   |  1- 3 |  4- 6 |  7- 9 | 10-12 | 13-15 | 16-18 || total
-------------------------+-------+-------+-------+-------+-------+-------++-------
Melee: Flail             |   141 |   253 |   234 |       |       |       ||   628
       Morningstar       |       |       |   140 |   399 |   555 |   215 ||  1309
       Demon whip        |       |       |       |       |   662 |       ||   662
Invok: Heroism           |       |       |       |     1 |     1 |       ||     2
       Finesse           |       |       |       |       |     4 |     1 ||     5
 Abil: Stop Flying       |       |       |       |     1 |       |       ||     1
       Fly               |       |       |       |       |       |     1 ||     1
  Use: Scroll            |       |     9 |    10 |     6 |     7 |     7 ||    39
       Potion            |       |       |     2 |     1 |     1 |       ||     4
 Stab: Petrifying        |       |       |       |       |     2 |       ||     2
       Petrified         |       |       |       |       |     5 |       ||     5
Armor: Scale mail        |    85 |   168 |   266 |    63 |       |       ||   582
       Plate armour      |       |       |       |   161 |   451 |    49 ||   661
Dodge: Dodged            |    39 |    90 |   132 |    94 |   216 |    35 ||   606
Block: Kite shield       |    88 |   167 |   295 |   209 |   605 |   110 ||  1474

Table legend: (Time is in decaauts)
 A = Elapsed time spent in this place.
 B = Non-inter-level travel time spent in this place.
 C = Inter-level travel time spent in this place.
 D = Time resting spent in this place.
 E = Time spent auto-exploring this place.
 F = Levels seen in this place.
 G = Mean time per level.
                   A        B        C        D        E       F      G
               +--------+--------+--------+--------+--------+-----+--------+
         Total |  27289 |  26400 |    889 |   3268 |  19011 |  26 | 1049.6 |
       Dungeon |  13987 |  13458 |    529 |   1266 |   9974 |  15 |  932.5 |
        Temple |     34 |     21 |     13 |      0 |     19 |   1 |   34.0 |
          Lair |   9184 |   8951 |    233 |    695 |   7152 |   6 | 1530.7 |
  Orcish Mines |   2782 |   2669 |    113 |   1102 |   1046 |   2 | 1391.0 |
       Ossuary |    714 |    714 |      0 |    205 |    333 |   1 |  714.0 |
      Ice Cave |    585 |    585 |      0 |      0 |    486 |   1 |  585.0 |
               +--------+--------+--------+--------+--------+-----+--------+

Top non-repeatable levels by time:
   Orc:1: 1982 daAuts
  Lair:2: 1876 daAuts
  Lair:1: 1818 daAuts
  Lair:3: 1440 daAuts
     D:5: 1382 daAuts
  Lair:5: 1374 daAuts
  Lair:4: 1363 daAuts
  Lair:6: 1312 daAuts
    D:10: 1250 daAuts
     D:6: 1152 daAuts
    D:11: 1151 daAuts
     D:4: 1080 daAuts
     D:7: 1055 daAuts
     D:9: 980 daAuts
     D:1: 970 daAuts
